 Dungeon Crawl Stone Soup version 0.30-a0-1160-g6e42c06551 (webtiles) character file.

Game seed: 14385186756877333320

1128 lunkers the Destroyer (level 8, -4/57 HPs)
             Began as a Meteoran Conjurer on Apr 25, 2023.
             Slain by an iguana (6 damage)
             ... on level 6 of the Dungeon.
             The game lasted 00:05:07 (2348 turns).

lunkers the Destroyer (Meteoran Conjurer)           Turns: 2348, Time: 00:05:08

Health: -4/57      AC:  4    Str:  8    XL:     8   Next: 93%
Magic:  2/19       EV: 12    Int: 22    God:
Gold:   238        SH:  0    Dex: 13    Spells: 13/20 levels left

rFire   . . .        n - +3 quarterstaff (chaos)
rCold   . . .        (shield currently unavailable)
rNeg    . . .        a - +0 robe
rPois   .            (no helmet)
rElec   .            o - +0 cloak
rCorr   .            (no gloves)
SInv    .            i - +0 pair of boots
Will    +....        (no amulet)
Stlth   +            (no ring)
HPRegen 0.29/turn    (no ring)
MPRegen 0.16/turn

%: no passive effects
@: glowing, studying Ranged Weapons
A: sense surroundings 1, otherworldly, glowing, explore regen
a: no special abilities


You were on level 6 of the Dungeon.
You visited 1 branch of the dungeon, and saw 6 of its levels.

You collected 238 gold pieces.

Inventory:

Hand Weapons
 n - a +3 quarterstaff of chaos (weapon)
Armour
 a - a +0 robe (worn)
 d - a +0 buckler
 i - a +0 pair of boots (worn)
 o - a +0 cloak (worn)
 q - a +0 scale mail of willpower
Jewellery
 k - a ring of ice
 p - an amulet of guardian spirit
Wands
 m - a wand of quicksilver (8)
 s - a wand of flame (27)
 u - a wand of polymorph (11)
Scrolls
 f - 4 scrolls of identify {unknown}
 h - 2 scrolls of fear {unknown}
 l - a scroll of poison {unknown}
 r - a scroll of noise {unknown}
 t - 2 scrolls of amnesia {unknown}
 v - a scroll of enchant armour {unknown}
 x - a scroll of enchant weapon {unknown}
 y - a scroll of teleportation {unknown}
 z - a scroll of blinking {unknown}
Potions
 b - 2 potions of magic
 c - 2 potions of haste {unknown}
 e - a potion of invisibility {unknown}
 g - 3 potions of curing {unknown}
 j - a potion of brilliance {unknown}
 w - a potion of attraction {unknown}


   Skills:
 - Level 2.4 Dodging
 - Level 1.4 Stealth
 + Level 6.7 Spellcasting
 * Level 10.2 Conjurations
 + Level 3.3 Translocations


You had 13 spell levels left.
You knew the following spells:

 Your Spells              Type           Power      Damage    Failure   Level
a - Magic Dart            Conj           100%       1d8       1%          1
b - Searing Ray           Conj           100%       2d8       1%          2
c - Iskenderun's Mystic   Conj/Tloc      37%        2d9       5%          4

Your spell library contained the following spells:

 Spells                   Type           Power      Damage    Failure   Level
 Lesser Beckoning         Tloc           44%        N/A       3%          2
 Dazzling Flash           Conj/Hex       58%        N/A       3%          3
 Gell's Gravitas          Tloc           22%        N/A       6%          3
 Teleport Other           Tloc           22%        N/A       6%          3
 Fulminant Prism          Conj/Hex       14%        3d9       11%         4


Dungeon Overview and Level Annotations

Branches:
Dungeon (6/15) Zot: 1236
 Temple: D:4-7

Altars:
The Shining One

Shops:
D:6 =

Annotations:
D:4 2 transporters, mandoloar's ghost, amateur OpTm


Innate Abilities, Weirdness & Mutations

You passively map a small area around you.
You are easily found by Zot.
You glow in the dark.
You regain HP and MP as you explore.


Message History

Unknown command.
Unknown command.
The bullfrog hits you but does no damage.
The orc hits you with a +1 flail of draining!
* * * LOW HITPOINT WARNING * * *
You feel drained.
* * * LOW HITPOINT WARNING * * *
Unknown command.
Casting: Iskenderun's Mystic Blast (dangerous; 5% risk of failure)
Confirm with . or Enter, or press ? or * to list all spells.
You erupt in a blast of force!
The mystic blast hits the orc!
You kill the orc!
The mystic blast hits the orc!
You kill the orc!
The mystic blast hits the iguana.
The iguana is lightly wounded.
The iguana is knocked back by the mystic blast.
The mystic blast hits the bullfrog!
The bullfrog is almost dead.
The bullfrog is knocked back by the mystic blast.
* * * LOW MAGIC WARNING * * *
The bullfrog closely misses you.
Unknown command.
Unknown command.
Unknown command.
You hit the bullfrog.
You kill the bullfrog!
Your life force feels restored.
You sock the iguana!
The iguana seems to speed up.
The iguana is heavily wounded.
The iguana misses you. The iguana closely misses you.
You hit the iguana but do no damage.
The iguana is heavily wounded.
The iguana bites you!
* * * LOW HITPOINT WARNING * * *
The iguana closely misses you.
You barely miss the iguana.
The iguana is heavily wounded.
The iguana bites you.
You die...

...............§...≈.....
..#..#.##.....≈..∩..≈#..#
,
.##..#.#.......≈).)≈....#
..........##....≈.§....#
.........#*##....≈.....#
..#..##..## ##.)).....##
, ..........###..)).....#
*
.........<.###...l..(.#.,
,
.........#......@)....(.,
*
.........#..........###..
..##.....##......##.# ..
.####....###.....# .#
..###.....#.........#
..........#......... ,
#####.......#........
..(.....#..###....... ,
####.......###...... , ,
*


You could see an iguana (fast).

Vanquished Creatures
  A water moccasin (D:5)
  A black bear (D:5)
  An ice beast (D:4)
  2 ogres
  2 centaurs (D:4)
  A scorpion (D:4)
  2 bullfrogs
  A jelly (D:6)
  A hound (D:5)
  Crazy Yiuf (D:2)
  A sleepcap (D:6)
  Terence (D:3)
  2 orc wizards (D:6)
  6 adders
  2 shadow imps
  An ufetubus (D:4)
  A worm (D:5)
  2 dart slugs
  6 orcs
  7 ball pythons
  4 endoplasms
  6 giant cockroaches
  3 goblins
  5 hobgoblins
  A jackal (D:2)
  4 quokkas
  4 bats
  4 frilled lizards
  5 kobolds
  4 rats
82 creatures vanquished.

Notes
Turn   | Place    | Note
-------+----------+-------------------------------------------
     0 | D:1      | lunkers the Meteoran Conjurer began the quest for the Orb.
     0 | D:1      | Reached XP level 1. HP: 14/14 MP: 5/5
   208 | D:1      | Reached skill level 5 in Conjurations
   247 | D:1      | Reached XP level 2. HP: 20/20 MP: 4/6
   281 | D:1      | Learned a level 2 spell: Searing Ray
   407 | D:1      | Reached XP level 3. HP: 26/26 MP: 5/8
   500 | D:1      | Glimpsed the power of Zot.
   704 | D:2      | Found a runed translucent door.
   705 | D:2      | Noticed Crazy Yiuf
   771 | D:2      | Killed Crazy Yiuf
   772 | D:2      | Reached skill level 6 in Conjurations
   772 | D:2      | Reached XP level 4. HP: 10/33 MP: 0/10
  1088 | D:3      | Learned a level 4 spell: Iskenderun's Mystic Blast
  1106 | D:3      | Found a glowing golden altar of the Shining One.
  1174 | D:3      | Reached XP level 5. HP: 38/38 MP: 5/11
  1523 | D:3      | Noticed Terence
  1529 | D:3      | Killed Terence
  1620 | D:4      | Noticed a bullfrog
  1627 | D:4      | Killed a bullfrog
  1628 | D:4      | Reached skill level 7 in Conjurations
  1628 | D:4      | Reached XP level 6. HP: 40/45 MP: 7/13
  1629 | D:4      | Noticed a centaur
  1641 | D:4      | Killed a centaur
  1644 | D:4      | Noticed a centaur
  1655 | D:4      | Killed a centaur
  1656 | D:4      | Reached skill level 5 in Spellcasting
  1656 | D:4      | Reached skill level 8 in Conjurations
  1656 | D:4      | Reached XP level 7. HP: 15/50 MP: 5/15
  1739 | D:4      | Found a transporter.
  1751 | D:4      | Noticed mandoloar's ghost (amateur OpTm)
  1771 | D:4      | Found a transporter.
  1897 | D:5      | Entered Level 5 of the Dungeon
  1913 | D:5      | Reached skill level 9 in Conjurations
  1913 | D:5      | Reached skill level 1 in Translocations
  1913 | D:5      | Reached XP level 8. HP: 38/57 MP: 8/17
  2325 | D:6      | Found Laiskaposs's Jewellery Boutique.
  2334 | D:6      | Reached skill level 10 in Conjurations
  2347 | D:6      | HP: 2/57 [iguana (12)]
  2348 | D:6      | Slain by an iguana

Illustrated notes

Levels and vault maps discovered:
D:1:      dpeg_arrival_water_fire, layout_basic, minmay_misc_feat_nine_boxes
D:2:      layout_loops_cross, minmay_unequal, uniq_crazy_yiuf_cottage
D:3:      layout_basic, nicolae_tso_carved_into_rock, uniq_terence, uniq_sigmund
D:4:      layout_rooms, nzn_wu_jian_council_hall, gammafunk_ghost_stat_death,
          minmay_manual_mares
D:5:      layout_loops_ring
D:6:      layout_cave_pools, zin_purify, minitemple, serial_shops,
          nicolae_diamond_shop, minmay_misc_feat_more_columns,
          hangedman_decor_slide_cut

Skill      XL: |  1  2  3  4  5  6  7  8 |
---------------+-------------------------+-----
Conjurations   | 5 6 7 8 9 10 | 10.2
Spellcasting   | 3 4 5 6 |  6.7
Translocations | 1 3 |  3.3
Dodging        | |  2.4
Stealth        | |  1.4

Action                     |  1- 3 |  4- 6 |  7- 9 || total
---------------------------+-------+-------+-------++-------
  Melee: Quarterstaff      |       |    12 |    43 ||    55
   Cast: Magic Dart        |    33 |    47 |     8 ||    88
         Searing Ray       |     1 |     4 |    16 ||    21
         Iskenderun's Myst |       |       |     5 ||     5
 Armour: Robe              |       |    19 |    25 ||    44
  Dodge: Dodged            |     2 |    17 |    35 ||    54

Table legend: (Time is in decaauts)
 A = Elapsed time spent in this place.
 B = Non-inter-level travel time spent in this place.
 C = Inter-level travel time spent in this place.
 D = Time resting spent in this place.
 E = Time spent auto-exploring this place.
 F = Levels seen in this place.
 G = Mean time per level.
                   A        B        C        D        E       F      G
               +--------+--------+--------+--------+--------+-----+--------+
         Total |   2362 |   2223 |    139 |      0 |   1661 |   6 |  393.7 |
       Dungeon |   2362 |   2223 |    139 |      0 |   1661 |   6 |  393.7 |
               +--------+--------+--------+--------+--------+-----+--------+

Top non-repeatable levels by time:
     D:2: 565 daAuts
     D:1: 516 daAuts
     D:3: 499 daAuts
     D:4: 322 daAuts
     D:5: 297 daAuts
     D:6: 162 daAuts
